 Dungeon Crawl Stone Soup version 0.29.1-12-g30fa7ad0bf (webtiles) character file.

Game seed: 924700319385436099

112 hawla the Chiller (level 5, 0/38 HPs)
             Began as a Meteoran Ice Elementalist on Jan 9, 2023.
             Splashed by a jelly's acid (9 damage)
             ... summoned by the player character
             ... on level 5 of the Dungeon.
             The game lasted 00:03:32 (962 turns).

hawla the Chiller (Meteoran Ice Elementalist)        Turns: 962, Time: 00:03:33

Health: 0/38       AC: -2    Str: 10    XL:     5   Next: 40%
Magic:  1/11       EV: 12    Int: 18    God:
Gold:   86         SH:  0    Dex: 14    Spells: 3/11 levels left

rFire   . . .      SeeInvis .   (no weapon)
rCold   . . .      Faith    .   (no shield)
rNeg    . . .      Spirit   .   a - +0 robe
rPois   .          Reflect  .   (no helmet)
rElec   .          Harm     .   (no cloak)
rCorr   .          Rampage  .   (no gloves)
Will    .....                   (no boots)
Stlth   +.........              (no amulet)
HPRegen 0.12/turn               (no ring)
MPRegen 0.12/turn               (no ring)

@: mighty, corroded, flying, glowing
A: sense surroundings 1, otherworldly, glowing, explore regen
a: no special abilities


You were on level 5 of the Dungeon.
You visited 1 branch of the dungeon, and saw 5 of its levels.

You collected 86 gold pieces.

Inventory:

Armour
 a - a +0 robe (worn)
Jewellery
 k - a ring of flight
Scrolls
 d - a scroll of teleportation
 h - a scroll of summoning
 i - 3 scrolls of amnesia {unknown}
 l - 3 scrolls of identify {unknown}
Potions
 b - a potion of magic
 f - a potion of flight
 j - a potion of curing


   Skills:
 - Level 2.6 Dodging
 - Level 1.4 Stealth
 - Level 3.6 Spellcasting
 + Level 3.5 Conjurations
 - Level 5.1 Ice Magic


You had 3 spell levels left.
You knew the following spells:

 Your Spells              Type           Power      Damage    Failure   Level
a - Freeze                Ice            84%        1d10      1%          1
b - Frozen Ramparts       Ice            42%        1d7       5%          3
c - Hailstorm             Conj/Ice       18%        3d6       26%         4

Your spell library contained the following spells:

 Spells                   Type           Power      Damage    Failure   Level
 Ozocubu's Armour         Ice            21%        N/A       5%          3


Dungeon Overview and Level Annotations

Branches:
Dungeon (5/15) Zot: 2038   Temple (0/1) D:5

Altars:


Innate Abilities, Weirdness & Mutations

You passively map a small area around you.
You are easily found by Zot.
You glow in the dark.
You regain HP and MP as you explore.


Message History

You kill the orc priest!
Your Conjurations skill increases to level 2!
Casting: Freeze (safe; 1% risk of failure)
Confirm with . or Enter, or press ? or * to list all spells.
The spell is extremely dangerous to miscast (30% risk of failure)!
Continue anyway?
Casting: Hailstorm (extremely dangerous; 30% risk of failure)
Press: ? - help, Dir - look around, f - activate A cannonade of hail descends around you!
The hail pelts the orc priest!
You kill the orc priest!
The wall freezes the orc.
You kill the orc!
Your Conjurations skill increases to level 3!
You have reached level 5!
The frozen ramparts melt away.
Casting: Hailstorm (extremely dangerous; 26% risk of failure)
Confirm with . or Enter, or press ? or * to list all spells.
Aiming: Freeze (safe; 1% risk of failure)
Press: ? - help, Shift-Dir - straight line, f - orc
Aim: an orc, wielding a +0 short sword You freeze the orc.
The orc is moderately wounded.
An orc wizard comes into view. It is wielding a +0 dagger.
The orc hits you with a +0 short sword.
* * * LOW HITPOINT WARNING * * *
As you read the scroll of summoning, it crumbles to dust.
Wisps of shadow whirl around you... The orc barely misses you.
You swap places.
Your adder bites the orc.
The orc is poisoned.
Your adder poisons the orc!
Your jelly hits the orc.
The orc is splashed with acid.
The acid corrodes the orc!
The orc dies!
The orc wizard hits your jelly with a +0 dagger.
The orc wizard is burned by acid!
Your adder bites the orc wizard but does no damage.
The orc wizard casts a spell at you.
Your jelly appears confused.
Your jelly hits you.
* * * LOW HITPOINT WARNING * * *
The acid corrodes you!
You are splashed with acid!
You die...

,<*,,,,,,,,,,,,,,,,,,,,,,,,*,,,,,
,,***************,....#******,,,*
,,* *,....,,,,,,,,,,* ,,*
*,...###******,,* ,**
*,.....,,,,,,,,,* ,*
*,...[,,,,*****,* ,**************
**..#****,* *,*
,*,,,,,,,,,,,>*###))#****,* *,*
,*,**********,*#@JoS#,,,,,* *,*
,*,* *,*#.##.#,***** *,* ,*,*
*,*#!#*,#,* *,* ,*,******
*,*#.#*,*,* *,* ,,,,,,,,*
*,*#.#*,*,* *,*
,**************###******** ****,*
,**,,* *,,,,,,,,,,,,,,,,,* *,,*,*
,**,,****,,,,,,,,,,,,,,,****,,*,,
,***,*,*,,,,,,,,,,,,,,,,,*,*,**,*


You could see an orc wizard (ally target), a friendly jelly (summoned, confused)
and a friendly adder (summoned).

Vanquished Creatures
  2 orc priests (D:5)
  2 adders (D:4)
  A worm (D:3)
  2 dart slugs
  4 orcs
  2 ball pythons
  An endoplasm (D:2)
  A giant cockroach (D:3)
  5 goblins
  2 kobolds (D:4)
  3 rats
25 creatures vanquished.

Vanquished Creatures (collateral kills)
  An orc (D:5)
1 creature vanquished.

Grand Total: 26 creatures vanquished

Notes
Turn   | Place    | Note
-------+----------+-------------------------------------------
     0 | D:1      | hawla the Meteoran Ice Elementalist began the quest for the
                  | Orb.
     0 | D:1      | Reached XP level 1. HP: 14/14 MP: 5/5
   114 | D:3      | Reached XP level 2. HP: 9/20 MP: 1/7
   257 | D:4      | Reached skill level 5 in Ice Magic
   257 | D:4      | Reached XP level 3. HP: 26/26 MP: 5/8
   261 | D:4      | Learned a level 3 spell: Frozen Ramparts
   544 | D:4      | Reached XP level 4. HP: 33/33 MP: 5/10
   550 | D:4      | Learned a level 4 spell: Hailstorm
   939 | D:5      | Entered Level 5 of the Dungeon
   953 | D:5      | Reached skill level 1 in Conjurations
   958 | D:5      | Reached XP level 5. HP: 14/38 MP: 1/11
   962 | D:5      | Splashed by a jelly's acid

Illustrated notes

Levels and vault maps discovered:
D:1:      evilmike_arrival_fibonacci_small, layout_basic,
          shapermc_ecumenical_altar_mp_vishouse, grunt_decor_arrowhead,
          minmay_misc_feat_room, minmay_cupped
D:2:      layout_rooms
D:3:      layout_loops_ring, serial_shops, nicolae_shop_window_shopping
D:4:      layout_loops_ring
D:5:      layout_loops_ring, minmay_temple_entry_glassed_door,
          wad_rectangle_vault

Skill      XL: |  1  2  3  4 |
---------------+-------------+-----
Spellcasting   | 3 |  3.6
Ice Magic      | 5 |  5.1
Conjurations   | 3 |  3.5
Dodging        | |  2.6
Stealth        | |  1.4

Action                   |  1- 3 |  4- 6 || total
-------------------------+-------+-------++-------
Melee: Unarmed           |     3 |     2 ||     5
 Cast: Freeze            |    27 |     4 ||    31
       Frozen Ramparts   |     2 |     3 ||     5
       Hailstorm         |       |     1 ||     1
  Use: Scroll            |       |     5 ||     5
       Potion            |       |     3 ||     3
Armor: Robe              |     3 |     1 ||     4
Dodge: Dodged            |    12 |     2 ||    14
